 Dungeon Crawl Stone Soup version 0.31.0-32-g396128a36d (webtiles) character file.

Game seed: 15169580911718552815

2827 TrueNorth the Summoner (level 9, -5/61 HPs)
             Began as an Octopode Summoner on Apr 13, 2024.
             Was an Initiate of Gozag.
             Killed from afar by a steam dragon (9 damage)
             ... with a ball of steam
             ... on level 7 of the Dungeon.
             The game lasted 00:19:47 (9589 turns).

TrueNorth the Summoner (Octopode Summoner)          Turns: 9589, Time: 00:19:49

Health: -5/61      AC:  3    Str:  7    XL:     9   Next: 73%
Magic:  0/13       EV: 13    Int: 22    God:    Gozag
Gold:   63         SH:  0    Dex: 12    Spells: 1/14 levels left

rFire   . . .        f - +1 dagger (venom)
rCold   . . .        (no shield)
rNeg    . . .        D - +2 hat of the Bear Spirit {Spirit, Bear, *Rage Will++}
rPois   .            (no amulet)
rElec   .            (no ring)
rCorr   .            (no ring)
SInv    .            (no ring)
Will    ++...        (no ring)
Stlth   +++          (no ring)
HPRegen 0.30/turn    (no ring)
MPRegen 0.13/turn    (no ring)
                     (no ring)

%: random rage (20%), guardian spirit
@: on berserk cooldown
A: almost no armour, amphibious, 8 rings, camouflage 1, gelatinous body 1,
(nimble swimmer 1), tentacles
a: Renounce Religion, Potion Petition, Call Merchant, Bribe Branch


You were on level 7 of the Dungeon.
You worshipped Gozag.
Gozag was noncommittal.
You visited 2 branches of the dungeon, and saw 9 of its levels.
You also visited: Sewer.

You collected 1208 gold pieces.
You spent 1097 gold pieces at shops.
You paid 48 gold pieces to Gozag.


Innate Abilities, Weirdness & Mutations

You cannot wear most types of armour.
You are amphibious.
You can wear up to eight rings at the same time.
Your skin changes colour to match your surroundings (Stealth+).
Your rubbery body absorbs attacks. (AC +1, EV +1)
((You are camouflaged when in or above water. (Stealth+)))
You have tentacles for arms and can constrict up to eight enemies at once.


   Skills:
 - Level 5.0 Fighting
 - Level 2.0 Dodging
 - Level 4.0 Stealth
 - Level 3.0 Spellcasting
 - Level 8.0 Summonings
 - Level 5.0 Air Magic
 - Level 1.0 Evocations
 + Level 6.8 Shapeshifting


You had one spell level left.
You knew the following spells:

 Your Spells              Type           Power      Damage    Failure   Level
c - Call Imp              Summ           76%        N/A       1%          2
f - Call Canine Familiar  Summ           38%        N/A       1%          3
i - Swiftness             Air            25%        N/A       4%          3
l - Summon Lightning Spi  Summ/Air       31%        N/A       9%          4
z - Summon Small Mammal   Summ           100%       N/A       1%          1

Your spell library contained the following spells:

 Spells                   Type           Power      Damage    Failure   Level
 Slow                     Hex            12%        N/A       12%         1
 Ensorcelled Hibernation  Hex/Ice        6%         N/A       19%         2
 Summon Blazeheart Golem  Fire/Summ      20%        N/A       24%         4
 Confusing Touch          Hex            3%         N/A       36%         3
 Fugue of the Fallen      Necr           3%         N/A       36%         3
 Passwall                 Erth           3%         N/A       36%         3
 Sigil of Binding         Hex            3%         N/A       36%         3
 Vampiric Draining        Necr           3%         2d6       36%         3
 Anguish                  Hex/Necr       1%         N/A       77%         4
 Alistair's Intoxication  Alch           2%         N/A       98%         5
 Borgnjor's Vile Clutch   Necr/Erth      1%         N/A       98%         5
 Eringya's Noxious Bog    Alch           1%         4d6       100%        6
 Sculpt Simulacrum        Ice/Alch       1%         N/A       100%        6
 Ozocubu's Refrigeration  Ice            1%         4d7       100%        7
 Polar Vortex             Ice            1%         N/A       100%        9

Inventory:

Hand Weapons
 f - a +1 dagger of venom (weapon)
Missiles
 l - 47 poisoned darts (quivered)
 z - 2 curare-tipped darts {=f}
Armour
 D - the +2 hat of the Bear Spirit (worn) {Spirit, Bear, *Rage Will++}
   (You bought it in a shop on level 3 of the Dungeon)

   Bear:      Going berserk makes the wearer exceptionally tough, and they are
   slowed for a shorter time afterward.
   Will++:    It greatly increases your willpower.
   *Rage:     It berserks you when you make melee attacks (+20% chance).
Magical Staves
 m - a staff of cold {!a}
Talismans
 C - a serpent talisman
Wands
 e - a wand of light (7)
 r - a wand of paralysis (8)
 E - a wand of flame (4)
Scrolls
 d - 3 scrolls of poison {unknown}
 h - 3 scrolls of revelation {unknown}
 i - 2 scrolls of vulnerability {unknown}
 j - 2 scrolls of fear {unknown}
 n - 2 scrolls of amnesia {unknown}
 q - 4 scrolls of fog {unknown}
 u - 4 scrolls of teleportation {@r2}
 v - a scroll of blinking {unknown}
 x - a scroll of brand weapon {unknown}
 y - a scroll of noise {unknown}
Potions
 a - a potion of magic
 b - 4 potions of brilliance
 c - 4 potions of heal wounds {@q2}
 g - 8 potions of curing {@q1}
 k - 3 potions of resistance
 o - 4 potions of attraction
 p - 3 potions of degeneration
 s - 3 potions of haste {@q3}
 t - 2 potions of cancellation
 w - a potion of might
 A - a potion of invisibility
 B - 2 potions of enlightenment
 F - a potion of mutation
 G - a potion of lignification

Dungeon Overview and Level Annotations

Branches:
Dungeon (8/15)             Temple (1/1) D:4           Sewer (visited)
   Lair: D:8-11

Altars:
Ashenzari
Cheibriados
Dithmenos
Fedhas
Gozag
Hepliaklqana
Kikubaaqudgha
Makhleb
Okawaru
Qazlal
Sif Muna
Trog
Uskayaw
Vehumet
Wu Jian
Xom
Yredelemnul

Shops:
D:3 !!:[?

Annotations:
D:7 2 transporters, bane2007's ghost, novice GnWn

▒▒▒▒▒▒▒▒▒▒▒▒▒▒.▒▒▒▒▒.▒▒.▒▒.▒
▒.. ▒.▒ ▒.▒▒.▒▒.▒ ▒.▒ ▒.▒
▒.....▒.▒ ▒.▒ ▒.▒▒ ▒▒▒▒..▒.▒
▒.▒ ▒▒▒ ▒..▒ ▒.[▒.▒ ▒.▒ ..▒
▒..▒ ▒..▒.▒ ▒.▒ ▒.▒
▒..▒▒▒▒▒▒▒..▒.▒ ▒.. ▒.▒
▒.D...........▒ ▒.. ▒.▒
▒▒@▒▒▒▒▒▒▒).▒▒▒ ▒.. ▒.▒▒▒▒
▒.....▒....(▒▒▒▒▒.. .....▒
▒..▒▒.▒.▒...[...... ▒▒▒▒.▒
▒▒[................. ..▒▒.▒
▒................... ..▒▒.▒▒
▒..▒▒▒)............. ..▒▒..▒
▒..▒▒▒▒▒▒.▒..▒▒▒▒.▒.
▒▒▒▒..▒▒▒▒▒▒▒▒...▒▒ ▒.▒..▒
▒.▒. .....©.......▒....▒
▒.▒..▒ ▒.▒.


You could see a steam dragon (catching breath).


Message History

The magic dart hits you.
* * * LOW HITPOINT WARNING * * *
The steam dragon breathes steam at you. The ball of steam hits you!
* * * LOW HITPOINT WARNING * * *
You climb upwards.
Level annotation: 2 transporters, bane2007's ghost, novice GnWn
There is a stone staircase leading down here.
Aiming: Paralyse
Press: ? - help, Shift-Dir - straight line, f - steam dragon
Aim: a steam dragon (catching its breath, chance to affect: 50%)
The steam dragon resists with significant effort.
The steam dragon closely misses you.
The steam dragon claws you but does no damage.
Aiming: Paralyse
Press: ? - help, Shift-Dir - straight line, f/p - steam dragon
Aim: a steam dragon (chance to affect: 50%)
The steam dragon resists with significant effort.
The steam dragon bites you.
* * * LOW HITPOINT WARNING * * *
The steam dragon claws you.
* * * LOW HITPOINT WARNING * * *
Aiming: Paralyse
Press: ? - help, Shift-Dir - straight line, f/p - steam dragon
Aim: a steam dragon (chance to affect: 50%)
The steam dragon resists with significant effort.
The steam dragon breathes steam at you. The ball of steam hits you!
You die...
Your body crumbles into a pile of gold.

Skill      XL: |  1  2  3  4  5  6  7  8  9 |
---------------+----------------------------+-----
Fighting       | 1 2 3 4 5 |  5.0
Summonings     | 5 6 7 8 |  8.0
Spellcasting   | 3 |  3.0
Air Magic      | 5 |  5.0
Evocations     | 1 |  1.0
Stealth        | 4 |  4.0
Shapeshifting  | 2 6 |  6.8
Dodging        | |  2.0

Action                     |  1- 3 |  4- 6 |  7- 9 || total
---------------------------+-------+-------+-------++-------
  Melee: Dagger            |    69 |    45 |   144 ||   258
         Constrict         |    16 |    13 |    44 ||    73
         Tentacles         |    12 |    10 |    38 ||    60
         Unarmed           |     2 |       |       ||     2
         Punch             |       |       |     2 ||     2
   Cast: Call Canine Famil |     1 |     7 |    29 ||    37
         Call Imp          |     1 |     5 |    18 ||    24
         Summon Small Mamm |       |     1 |       ||     1
         Summon Lightning  |       |       |    15 ||    15
  Evoke: Wand              |       |       |     3 ||     3
    Use: Scroll            |       |       |     8 ||     8
   Stab: Sleeping          |    17 |     6 |     5 ||    28
         Distracted        |     1 |       |     1 ||     2
 Armour: Skin              |    30 |    25 |   115 ||   170
  Dodge: Dodged            |    31 |    32 |   115 ||   178

Levels and vault maps discovered:
D:1:      shiori_arrival_maze, layout_loops_corners
D:2:      layout_loops_ring, nicolae_titane
D:3:      layout_rooms, serial_shops, nicolae_shop_statue_plus, shop,
          nicolae_shop_statue_plus, shop, nicolae_shop_rolling_square
D:4:      wander_river, layout_basic, minmay_temple_entry_glassed_door,
          serial_bayou_pond_b
D:5:      layout_basic, old_standard_altar, gup_sewer_entry_glass
D:6:      layout_gridville, mainiacjoe_overflow_surrounded_room,
          serial_library_hellmonk_statue_hall
D:7:      layout_loops_ring, nicolae_wu_jian_glorious_leap,
          gammafunk_ghost_hive, minmay_misc_feat_more_columns
D:8:      layout_basic, lemuel_crystal_altar, uniq_maggie, uniq_psyche,
          uniq_jeremiah
Temple:   jpeg_temple_clearing

Notes
Turn   | Place    | Note
-------+----------+-------------------------------------------
     0 | D:1      | TrueNorth the Octopode Summoner began the quest for the
                  | Orb.
     0 | D:1      | Reached XP level 1. HP: 11/11 MP: 3/3
   138 | D:1      | HP: 1/12 [quokka (3)]
   237 | D:1      | Reached skill level 1 in Fighting
   241 | D:1      | Reached XP level 2. HP: 16/18 MP: 5/5
   400 | D:1      | Reached skill level 2 in Fighting
   403 | D:1      | Learned a level 2 spell: Call Imp
   786 | D:1      | Reached XP level 3. HP: 23/24 MP: 6/6
  1290 | D:2      | Learned a level 3 spell: Call Canine Familiar
  1875 | D:3      | Found Suzid's Distillery.
  1912 | D:3      | Found Ytabrygu's Antique Armour Shoppe.
  2085 | D:3      | Found Pomol's Magic Scroll Emporium.
  2095 | D:3      | Reached skill level 5 in Summonings
  2095 | D:3      | Reached XP level 4. HP: 29/29 MP: 4/7
  2192 | D:3      | Found Xawegejuun's Book Emporium.
  2355 | D:3      | Found Oritied's Distillery.
  2564 | D:4      | Noticed an ogre
  2590 | D:4      | Killed an ogre
  2591 | D:4      | Reached skill level 6 in Summonings
  2591 | D:4      | Reached XP level 5. HP: 35/35 MP: 3/8
  2681 | D:4      | Reached skill level 3 in Fighting
  2707 | D:4      | Reached XP level 6. HP: 23/42 MP: 2/9
  3057 | D:4      | Reached skill level 7 in Summonings
  3127 | D:4      | Found a staircase to the Ecumenical Temple.
  3212 | Temple   | Entered the Ecumenical Temple
  3232 | Temple   | Became a worshipper of Gozag Ym Sagoz the Greedy
  3337 | D:3      | Bought a potion of curing for 39 gold pieces
  3337 | D:3      | Bought a potion of attraction for 39 gold pieces
  3671 | D:3      | Bought a potion of might for 56 gold pieces
  3719 | D:5      | Entered Level 5 of the Dungeon
  3899 | D:5      | Reached skill level 3 in Spellcasting
  3899 | D:5      | Reached XP level 7. HP: 26/46 MP: 11/11
  4100 | D:5      | Found a hazy altar of Hepliaklqana.
  4195 | D:5      | Found a glowing drain.
  4214 | Sewer    | Entered a sewer
  4448 | Sewer    | Reached skill level 4 in Fighting
  5404 | D:5      | Reached skill level 8 in Summonings
  5411 | D:5      | Reached XP level 8. HP: 53/54 MP: 8/12
  5416 | D:5      | Learned a level 4 spell: Summon Lightning Spire
  5808 | D:6      | HP: 4/54 [gnoll/+0 spear (8)]
  5809 | D:6      | Reached skill level 5 in Fighting
  5809 | D:6      | Reached skill level 1 in Air Magic
  6121 | D:6      | Reached skill level 2 in Air Magic
  6289 | D:6      | Reached skill level 3 in Air Magic
  6749 | D:6      | Reached skill level 4 in Air Magic
  6885 | D:6      | Found an ancient bone altar of Kikubaaqudgha.
  6906 | D:6      | Reached skill level 1 in Evocations
  6990 | D:6      | Reached skill level 3 in Stealth
  7041 | D:6      | Reached skill level 4 in Stealth
  7304 | D:6      | Reached skill level 5 in Air Magic
  7829 | D:3      | Bought the +2 hat of the Bear Spirit {Spirit, Bear, *Rage
                  | Will++} for 767 gold pieces
  7829 | D:3      | Found the +2 hat of the Bear Spirit {Spirit, Bear, *Rage
                  | Will++}
  7925 | D:7      | Reached skill level 1 in Shapeshifting
  7927 | D:7      | Reached skill level 2 in Shapeshifting
  7927 | D:7      | Reached XP level 9. HP: 40/61 MP: 3/13
  8035 | D:7      | Noticed bane2007's ghost (novice GnWn)
  8037 | D:7      | Reached skill level 3 in Shapeshifting
  8353 | D:7      | Found a transporter.
  8359 | D:7      | Learned a level 3 spell: Swiftness
  8394 | D:7      | Reached skill level 4 in Shapeshifting
  8467 | D:7      | Found a transporter.
  8812 | D:7      | Found an ornate altar of the Wu Jian Council.
  8977 | D:3      | Bought a potion of degeneration for 14 gold pieces
  8977 | D:3      | Bought a potion of brilliance for 56 gold pieces
  8977 | D:3      | Bought a potion of lignification for 42 gold pieces
  9000 | D:3      | Bought a scroll of identify for 28 gold pieces
  9000 | D:3      | Bought a scroll of identify for 28 gold pieces
  9000 | D:3      | Bought a scroll of identify for 28 gold pieces
  9001 | D:3      | Identified 3 potions of resistance
  9110 | D:8      | Reached skill level 5 in Shapeshifting
  9120 | D:8      | Reached skill level 6 in Shapeshifting
  9342 | D:8      | Noticed Maggie
  9496 | D:8      | Killed Maggie
  9588 | D:7      | HP: 4/61 [steam dragon (3)]
  9589 | D:7      | Killed from afar by a steam dragon

Vanquished Creatures
  A vampire mosquito (D:8)
  An ice beast (D:7)
  A sky beast (D:6)
  A kobold brigand (Sewer)
  4 hounds
  An orc priest (D:5)
  3 iguanas
  5 gnolls
  7 adders
  9 river rats (Sewer)
  A white imp (D:5)
  An ufetubus (D:6)
  2 dart slugs (D:1)
  2 ribbon worms
  2 orcs
  5 endoplasms
  7 giant cockroaches
  8 goblins
  6 hobgoblins
  A jackal (D:5)
  18 kobolds
  3 quokkas
  6 ball pythons
  4 bats
  12 rats
111 creatures vanquished.

Vanquished Creatures (collateral kills)
  Maggie (D:8)
  3 vampire mosquitoes (D:8)
  A sky beast (D:7)
  An ice beast (D:7)
  4 ogres
  2 centaurs (D:6)
  2 kobold brigands
  A scorpion (D:6)
  A bullfrog (D:7)
  2 hounds (D:5)
  2 bombardier beetles (D:6)
  A jelly (D:6)
  2 iguanas
  4 adders
  2 gnolls
  A river rat (Sewer)
  A white imp (D:6)
  An ufetubus (D:6)
  10 orcs
  An endoplasm (D:3)
  A giant cockroach (D:5)
  A goblin (D:4)
  3 jackals (D:5)
  A quokka (D:4)
  4 ball pythons
  A frilled lizard (Sewer)
  13 kobolds
  7 rats (Sewer)
74 creatures vanquished.

Grand Total: 185 creatures vanquished

Table legend: (Time is in decaauts)
 A = Elapsed time spent in this place.
 B = Non-inter-level travel time spent in this place.
 C = Inter-level travel time spent in this place.
 D = Time resting spent in this place.
 E = Time spent auto-exploring this place.
 F = Levels seen in this place.
 G = Mean time per level.
                   A        B        C        D        E       F      G
               +--------+--------+--------+--------+--------+-----+--------+
         Total |   9609 |   8805 |    804 |   2190 |   5211 |  10 |  960.9 |
       Dungeon |   8424 |   7660 |    764 |   1860 |   4663 |   8 | 1053.0 |
        Temple |     40 |      1 |     39 |      0 |      0 |   1 |   40.0 |
         Sewer |   1143 |   1143 |      0 |    330 |    548 |   1 | 1143.0 |
               +--------+--------+--------+--------+--------+-----+--------+

Top non-repeatable levels by time:
     D:6: 1685 daAuts
     D:7: 1254 daAuts
     D:5: 1225 daAuts
     D:1: 1214 daAuts
   Sewer: 1143 daAuts
     D:4: 1131 daAuts
     D:3: 866 daAuts
     D:2: 641 daAuts
     D:8: 406 daAuts
  Temple: 40 daAuts

Table legend:
 A = Non-vault XP
 B = Vault XP
 C = Vault XP percentage of total XP
 D = Non-vault monster count
 E = Vault monster count
 F = Vault count percentage of total count
                 A         B        C        D         E       F
            +---------+---------+-------+---------+---------+-------
      Total |    3257 |     782 |  19.4 |     122 |      63 |  34.1
            +---------+---------+-------+---------+---------+-------
        D:1 |      34 |       4 |  10.5 |      17 |       2 |  10.5
        D:2 |      31 |       0 |   0.0 |      17 |       0 |   0.0
        D:3 |      47 |       0 |   0.0 |      11 |       0 |   0.0
        D:4 |     382 |      45 |  10.5 |      14 |       4 |  22.2
        D:5 |     359 |      24 |   6.3 |      16 |       6 |  27.3
        D:6 |     891 |       0 |   0.0 |      25 |       0 |   0.0
        D:7 |     786 |       0 |   0.0 |      15 |       0 |   0.0
        D:8 |     727 |     385 |  34.6 |       7 |       1 |  12.5
      Sewer |       0 |     324 | 100.0 |       0 |      50 | 100.0
            +---------+---------+-------+---------+---------+-------
